Unix NetHack Version 5.0.0-0 post-release - last build May 31 2026 23:59:36 (970b52f25bf058293b47ddfd14a1e40e571c508c,branch:main).

Game began 2026-06-09 18:30:20, ended 2026-06-09 18:43:13.

Eymerich, chaotic male elven Priest

                                 ...
                                 .).
                                ..@.
                                ....
                                .).
                                ...

Eymerich the Acolyte         St:12 Dx:12 Co:13 In:8 Wi:20 Ch:10  Chaotic
Dlvl:4  $:30 HP:0(23) Pw:25(25) AC:7  Xp:3 T:1319  Blind

Latest messages:
 Puffa bites the gnome.
 The gnome shoots an arrow!
 It is missed.
 An arrow misses you.
 The gnome hits!
 You miss the gnome.
 Puffa bites the gnome.
 The gnome is killed!
 The gnome shoots an arrow!
 The gnome is hit!
 What do you want to throw? [$amtvy or ?*]
 In what direction?
 The crude dagger misses the gnome.
 What do you want to throw? [$atvy or ?*]
 In what direction?
 The crude dagger misses the gnome.
 Puffa bites the gnome.
 The gnome hits Puffa.
 Puffa bites the gnome.
 Puffa eats a gnome corpse.
 The gnome wields a cursed crude dagger!
 The crude dagger welds itself to the gnome's hand!
 You hit the gnome.
 You hear crashing rock.
 The gnome thrusts her crude dagger.
 The gnome hits!
 You miss the gnome.
 You feel more confident in your weapon skills.
 (Tip: use the #enhance command to advance them.)
 You kill the gnome!
 Welcome to experience level 3.
 There are several objects here.
 There is a gnome corpse here; eat it? [ynq] (n)
 This gnome corpse tastes terrible!
 You hear rumbling in the distance.
 The dwarf zaps a silver wand!
 You finish eating the gnome corpse.
 The bolt of lightning whizzes by you!
 You are blinded by the flash!
 You hear a nearby zap.
 The bolt of lightning hits you!
 Elf is about to die.
 You hear a nearby zap.
 The bolt of lightning hits you!
 You die...
 Do you want your possessions identified? [ynq] (y)
 Do you want to see your attributes? [ynq] (y)
 Do you want an account of creatures vanquished? [ynaq] (y)
 Do you want to see your conduct and achievements? [ynq] (y)
 Do you want to see the dungeon overview? [ynq] (y)

Inventory:
 Coins    ('$')
  $ - 30 gold pieces
 Weapons  (')')
  v - a +0 knife
  t - a blessed +1 aklys (tethered to right hand)
  a - a blessed +1 mace (alternate weapon; not wielded)
 Armor    ('[')
  n - a +0 orcish helm (being worn)
  b - a +0 robe (being worn)
 Comestibles  ('%')
  e - a clove of garlic
  u - a lembas wafer
  f - a sprig of wolfsbane
 Scrolls  ('?')
  l - a scroll of create monster
  p - 2 scrolls of teleportation
  x - a cursed scroll of teleportation
 Spellbooks  ('+')
  k - a blessed spellbook of dig
  h - a spellbook of healing
  g - a spellbook of light
 Potions  ('!')
  q - a potion of blindness
  B - a potion of enlightenment
  d - 4 potions of holy water
 Tools    ('(')
  o - an empty sack
  i - a wooden harp

Eymerich the Priest's attributes:

Background:
 You were an Acolyte, a level 3 elven Priest.
 You were chaotic, on a mission for Huan Ti
 who was opposed by Shan Lai Ching (lawful) and Chih Sung-tzu (neutral).
 You were right-handed.
 You were in the Gnomish Mines, on level 4.
 You entered the dungeon 1319 turns ago.
 You had 40 experience points, 40 more were needed to attain level 4.

Basics:
 You had 0 out of 23 hit points.
 You had all 25 energy points (spell power).
 Your armor class was 7.
 Your wallet contained 30 zorkmids.
 Autopickup was off.

Final Characteristics:
 Your strength was 12 (limit:18).
 Your dexterity was 12 (limit:18).
 Your constitution was 13 (limit:16).
 Your intelligence was 8 (limit:20).
 Your wisdom was 20 (limit:20).
 Your charisma was 10 (limit:18).

Final Status:
 You were temporarily blind.
 You weren't hungry.
 You were unencumbered.
 You were wielding a club.
 You were unskilled in club and could have enhanced that.

Final Attributes:
 You were devoutly aligned.
 You had infravision.
 You were guarded.
 Your spell casting was enhanced by wearing a robe.
 You are dead.

Miscellaneous:
 You didn't encounter any bones levels.
 Total elapsed playing time was 12 minutes and 52 seconds.

Major events:
 Turn
    1: Eymerich the chaotic elven Priest entered the dungeon
 1288: entered the Gnomish Mines
 1303: attained the rank of Acolyte (level 3)
 1319: killed by a bolt of lightning zapped by a dwarf

Spells:
 Name                 Level Category     Fail Retention
 light                  1   clerical       0%  91%-100%
 healing                1   healing        0%  76%-100%

Skills:
 Fighting Skills
   bare handed combat [Unskilled]
 Weapon Skills
   club               [Unskilled]
   mace               [Basic]
   morning star       [Unskilled]
   flail              [Unskilled]
   hammer             [Unskilled]
   quarterstaff       [Unskilled]
   polearms           [Unskilled]
   spear              [Unskilled]
   trident            [Unskilled]
   lance              [Unskilled]
   bow                [Unskilled]
   sling              [Unskilled]
   crossbow           [Unskilled]
   dart               [Unskilled]
   shuriken           [Unskilled]
   boomerang          [Unskilled]
   unicorn horn       [Unskilled]
 Spellcasting Skills
   healing spells     [Unskilled]
   divination spells  [Unskilled]
   clerical spells    [Basic]

Voluntary challenges:
 Character rerolling was not enabled.
 You were illiterate.
 You never genocided any monsters.
 You never polymorphed an object.
 You never changed form.
 You used no wishes.
Achievements:
 You entered the Gnomish Mines.
 You attained the rank of Acolyte.

 The Dungeons of Doom: levels 1 to 4
    Level 1:
       A fountain.
    Level 2: "locked box"
       A grave.
    Level 3:
       Some fountains.
       Stairs down to The Gnomish Mines.
    Level 4:
 The Gnomish Mines:
    Level 4: <- You were here.
       Final resting place for
          you, killed by a bolt of lightning zapped by a dwarf.


Vanquished creatures:
  4 gnomes
  a jackal
  2 foxes
  a kobold
  3 goblins
  4 grid bugs
  3 kobold zombies
  6 newts
24 creatures vanquished.

No species were genocided or became extinct.

Game over:
                       ----------
                      /          \
                     /    REST    \
                    /      IN      \
                   /     PEACE      \
                  /                  \
                  |     Eymerich     |
                  |      30 Au       |
                  | killed by a bolt |
                  |   of lightning   |
                  |   zapped by a    |
                  |      dwarf       |
                  |       2026       |
                 *|     *  *  *      | *
        _________)/\\_//(\/(/\)/\//\/|_)_______

Goodbye Eymerich the Priest...

You died in The Gnomish Mines on dungeon level 4 with 337 points,
and 30 pieces of gold, after 1319 moves.
You were level 3 with a maximum of 23 hit points when you died.

